 Dungeon Crawl Stone Soup version 0.18-a0-1542-g9c1a92e (webtiles) character file.

79 Ratboiler the Conjurer (level 4, -1/19 HPs)
             Began as a Felid Wanderer on Mar 10, 2016.
             Slain by a gnoll
             ... wielding a +0 spear
              (3 damage)
             ... on level 2 of the Dungeon.
             The game lasted 00:07:37 (3214 turns).

Ratboiler the Conjurer (Felid Wanderer)             Turns: 3214, Time: 00:07:37

Health: -1/19      AC:  1    Str:  8    XL:     4   Next: 17%
Magic:  3/8        EV: 22    Int: 14    God:
Gold:   116        SH:  0    Dex: 16    Spells: 1 memorised, 5 levels left
                                        Lives:  0   Deaths: 1

rFire  . . .     SeeInvis +     (weapon unavailable)
rCold  . . .     Gourm    .     (armour unavailable)
rNeg   . . .     Faith    .     (shield unavailable)
rPois  .         Spirit   .     (helmet unavailable)
rElec  .         Dismiss  .     (cloak unavailable)
rCorr  .         Reflect  .     (gloves unavailable)
SustAt .         Harm     .     (boots unavailable)
MR     .....                    (no amulet)
Stlth  +++.......               l - +4 ring of evasion (curse)
                                f - ring of stealth

@: quick, not resistant to hostile enchantments, fairly stealthy
A: no armour, no weapons or thrown items, claws 1, fangs 3, see invisible,
carnivore 3, speed 1, shaggy fur 1, slow metabolism 1, sharp paws
a: no special abilities


You were on level 2 of the Dungeon.
You were not hungry.

You visited 1 branch of the dungeon, and saw 4 of its levels.

You collected 116 gold pieces.

Inventory:

Jewellery
 f - a ring of stealth (left paw)
 l - a cursed +4 ring of evasion (right paw)
Scrolls
 c - a scroll of teleportation
 e - a scroll of identify
 g - a scroll of random uselessness {unknown}
 i - a scroll of magic mapping {unknown}
 j - 2 scrolls of fear {unknown}
 m - a scroll of recharging {unknown}
Potions
 h - a potion of curing
 k - a potion of agility
 n - a potion of beneficial mutation {unknown}
Books
 a - a book of Frost

   Spells                             Type                      Level
   a - Freeze                         Ice                          1
   b - Throw Frost                    Conjuration/Ice              2
   c - Ozocubu's Armour               Charms/Ice                   3
   d - Throw Icicle                   Conjuration/Ice              4
   e - Summon Ice Beast               Ice/Summoning                4
 b - the Incunabulum of Transmutation

   Spells                             Type                      Level
   a - Sticks to Snakes               Transmutation                2
   b - Passwall                       Transmutation/Earth          2
Comestibles
 d - 3 meat rations


   Skills:
 - Level 1.0 Fighting
 - Level 2.6 Dodging
 - Level 1.3 Stealth
 - Level 2.0 Spellcasting
 + Level 3.7 Conjurations
   Level 1.5 Translocations
 - Level 3.0 Ice Magic
   Level 1.1 Evocations


You had 5 spell levels left.
You knew the following spells:

 Your Spells              Type           Power        Failure   Level  Hunger
a - Throw Frost           Conj/Ice       ##....       12%         2    ###....


Dungeon Overview and Level Annotations

Branches:
Dungeon (4/15)
 Temple: D:4-7

Altars:
Nemelex Xobeh

Annotations:
D:3 lorenzova's ghost, amateur DECj


Innate Abilities, Weirdness & Mutations

You cannot wear armour.
You are incapable of wielding weapons or throwing items.
You have sharp claws.
You have razor-sharp teeth.
You have supernaturally acute eyesight.
You are carnivorous and can eat meat at any time.
You cover ground quickly.
You are covered in fur (AC +1).
You have a slow metabolism.
Your sharp claws are effective at attacking unaware monsters.


Message History

Confirm with . or Enter, or press ? or * to list all spells.
Aiming: Throw Frost
Press: ? - help, Shift-Dir - straight line, f/p - gnoll
Aim: a gnoll, wielding a whip of flaming (severely wounded)
The puff of frost misses the gnoll.
The gnoll hits you with a whip of flaming.
The gnoll burns you.
The gnoll hits you from afar with a spear!
* * * LOW HITPOINT WARNING * * *
A giant cockroach comes into view. 2 gnolls come into view. 2 gnolls come into view.
The gnoll shouts!
The gnoll shouts!
The goblin shouts!
A bat comes into view.
The gnoll misses you. The bat closely misses you.
The gnoll hits you from afar with a spear.
You die...

#.# #.# ..# ###
#.### #.# ..g.##
#.# g.gg.# #.#
..##.#######.######
......g..g...b..#.#
.>...#######..g.@.#
#.##.# #....#.#
#.##.# .....g.....
#.##.#
#....g........
#.##.#
#.............#.#
#.#...
............#.# #
#.#.s
s...g.......... ..g
....g.. ... ##


You could see 5 gnolls, a goblin and a bat.

Vanquished Creatures
  2 howler monkeys (D:4)
  3 adders
  A dart slug (D:2)
  4 giant geckos (D:1)
  3 orcs (D:3)
  2 giant cockroaches (D:1)
  5 hobgoblins
  7 jackals
  A kobold (D:1)
  7 bats
  3 giant newts
  6 goblins
44 creatures vanquished.

Notes
Turn   | Place    | Note
--------------------------------------------------------------
     0 | D:1      | Ratboiler the Felid Wanderer began the quest for the Orb.
     0 | D:1      | Ratboiler set off with: a book of Frost, the Incunabulum of Transmutation, a scroll of teleportation, a meat ration
     0 | D:1      | Reached XP level 1. HP: 9/9 MP: 3/3
     0 | D:1      | Identified the Incunabulum of Transmutation
   513 | D:1      | Reached XP level 2. HP: 12/12 MP: 5/5
   517 | D:1      | Learned a level 2 spell: Throw Frost
  1160 | D:1      | Reached skill level 1 in Conjurations
  1426 | D:2      | Reached XP level 3. HP: 15/15 MP: 2/7
  2153 | D:3      | Found a sparkling altar of Nemelex Xobeh.
  2723 | D:3      | Reached XP level 4. HP: 8/19 MP: 0/8
  2747 | D:4      | Noticed an ogre
  2883 | D:4      | Noticed a phantom
  2912 | D:4      | Noticed an ogre
  2913 | D:4      | Reached XP level 5. HP: 17/22 MP: 0/9
  2944 | D:3      | Slain by an orc
  2945 | D:3      | Reached XP level 4. HP: 0/19 MP: 1/8
  3060 | D:3      | Noticed lorenzova's ghost (amateur DECj)
  3214 | D:2      | Slain by a gnoll

Vault maps used:
D:1:      lightli_arrival_boilingwater, minmay_misc_feat_encased
D:2:      first_bread, nicolae_underground_beach
D:3:      nemelex_xobeh_ov_fountains_minmay, lemuel_blue_sif_altar
D:4:      gammafunk_temple_overflow_statue

Skill      XL: |  1  2  3  4 |
---------------+-------------+-----
Spellcasting   | 2 |  2.0
Conjurations   | 1 2 3 |  3.7
Ice Magic      | 3 |  3.0
Fighting       | |  1.0
Dodging        | |  2.6
Stealth        | |  1.3
Translocations | |  1.5
Evocations     | |  1.1

Action                   |  1- 3 |  4- 6 || total
-------------------------+-------+-------++-------
Melee: Unarmed           |   136 |    13 ||   149
 Cast: Throw Frost       |    26 |    14 ||    40
  Use: Potion            |     1 |       ||     1
       Scroll            |       |     2 ||     2
 Stab: Sleeping          |     9 |       ||     9
  Eat: Chunk             |    10 |       ||    10
